 Dungeon Crawl Stone Soup version 0.27-a0-1217-g8a41f320e8 (webtiles) character file.

Game seed: 11703217526451844994

102 Froggeryz the Poker (level 4, -8/35 HPs)
             Began as a Merfolk Abyssal Knight on June 6, 2021.
             Was a Believer of Lugonu.
             Splashed by Ijyb's acid (10 damage)
             ... on level 3 of the Dungeon.
             The game lasted 00:02:29 (3285 turns).

Froggeryz the Poker (Merfolk Abyssal Knight)        Turns: 3285, Time: 00:02:30

Health: -8/35      AC:  0    Str: 13    XL:     4   Next: 78%
Magic:  5/5        EV: 12    Int: 11    God:    Lugonu [**....]
Gold:   79         SH:  0    Dex: 13    Spells: 3/3 levels left

rFire    . . .     SeeInvis .   a - +1 spear
rCold    . . .     Faith    .   (no shield)
rNeg     . . .     Spirit   .   b - +0 leather armour
rPois    .         Reflect  .   (no helmet)
rElec    .         Harm     .   (no cloak)
rCorr    .         Rampage  .   (no gloves)
Will     .....                  (no boots)
Stlth    +.........             (no amulet)
HPRegen  0.11/turn              (no ring)
MPRegen  0.09/turn              (no ring)

@: corroded
A: (nimble swimmer 2), mertail
a: Renounce Religion, Depart the Abyss, Bend Space


You were on level 3 of the Dungeon.
You worshipped Lugonu.
Lugonu was pleased with you.
You visited 1 branch of the dungeon, and saw 3 of its levels.
You visited the Abyss 1 time.

You collected 79 gold pieces.

Inventory:

Hand Weapons
 a - a +1 spear (weapon)
Armour
 b - a +0 leather armour (worn)
Jewellery
 d - an amulet of guardian spirit
Scrolls
 c - a scroll of teleportation
 f - a scroll of enchant armour {unknown}
 g - a scroll of identify {unknown}
Potions
 e - a potion of lignification {unknown}


   Skills:
 - Level 3.2 Fighting
 * Level 6.2 Polearms
 - Level 1.1 Armour
 + Level 3.5 Dodging
 - Level 2.0 Invocations


You had 3 spell levels left.
You didn't know any spells.
Your spell library was empty.

Dungeon Overview and Level Annotations

Branches:
Dungeon (3/15)

Altars:

Annotations:
D:3 Grinder, Ijyb


Innate Abilities, Weirdness & Mutations

((You are quick and stealthy near water. (Stealth+, EV+, Speed+++)))
Your lower body shifts to a powerful aquatic tail in water.


Message History

The jackal is moderately wounded.
The jackal barely misses you.
You hit the jackal.
The jackal is almost dead.
The jackal bites you.
Ijyb the Twisted Goblin comes into view.
She is wielding a +0 club and carrying a wand of acid (3).
Ijyb shouts!
You hit the jackal but do no damage.
The jackal is almost dead.
The jackal closely misses you.
You barely miss the jackal.
The jackal is almost dead.
The jackal barely misses you.
You hit the jackal.
You kill the jackal!
Lugonu accepts your kill.
No target in view!
No target in view!
No target in view!
Items here: ( ) ††.
You barely miss Ijyb. Ijyb barely misses you.
You hit Ijyb.
Ijyb is lightly wounded.
Ijyb hits you with a +0 club.
Press: ? - help, v - describe, . - travel
Here: Ijyb, wielding a +0 club, wearing a +0 ring mail and carrying a wand of acid (3) (lightly wounded)
The floor.
Unknown command.
You closely miss Ijyb.
Ijyb is lightly wounded.
Ijyb zaps a wand.
The bolt of acid misses you.
You closely miss Ijyb.
Ijyb is lightly wounded.
You barely miss Ijyb.
Ijyb is lightly wounded.
Ijyb zaps a wand.
The bolt of acid hits you!!
Ouch! That really hurt!
* * * LOW HITPOINT WARNING * * *
The acid corrodes you!
You are splashed with acid!
You die...

#.........
###........
....(....#
#.......
####......####
#............
#......#
#.#g@<#
##..##)##.##
........).#
#?.....####
#.#.#.. #....
###.. ... ###.


You could see Ijyb.

Vanquished Creatures
  Terence (D:2)
  An adder (D:2)
  A worm (D:2)
  2 dart slugs (D:1)
  7 bats
  8 endoplasms
  2 giant cockroaches
  7 goblins
  2 hobgoblins (D:1)
  7 jackals
  5 kobolds
  4 quokkas
  5 ball pythons
  A frilled lizard (D:1)
  2 rats (D:1)
55 creatures vanquished.

Notes
Turn   | Place    | Note
-------+----------+-------------------------------------------
     0 | Abyss:1  | Froggeryz the Merfolk Abyssal Knight began the quest for
                  | the Orb.
     0 | Abyss:1  | Reached XP level 1. HP: 18/18 MP: 2/2
    60 | Abyss:1  | Noticed a guardian serpent
    65 | D:1      | Escaped the Abyss
   103 | D:1      | Reached * piety under Lugonu
   130 | D:1      | Reached skill level 4 in Polearms
   130 | D:1      | Reached XP level 2. HP: 18/24 MP: 3/3
   974 | D:1      | Reached skill level 1 in Armour
  1001 | D:1      | Reached XP level 3. HP: 29/29 MP: 4/4
  1458 | D:1      | Reached skill level 5 in Polearms
  2120 | D:2      | Reached XP level 4. HP: 29/35 MP: 5/5
  2495 | D:2      | Noticed Terence
  2510 | D:2      | Killed Terence
  2510 | D:2      | Reached ** piety under Lugonu
  2511 | D:2      | Reached skill level 6 in Polearms
  3044 | D:3      | Noticed Grinder
  3274 | D:3      | Noticed Ijyb
  3285 | D:3      | Splashed by Ijyb's acid

Illustrated notes

Levels and vault maps discovered:
D:1:      matt_arrival_grand_opening, layout_basic, minmay_tetromino_l4
D:2:      layout_loops_corners, minmay_fractal_squares_5, uniq_terence
D:3:      layout_loops_ring, chei_slow_surprise, hangedman_glass_teeth,
          uniq_robin, uniq_grinder, uniq_sigmund, uniq_ijyb

Skill      XL: |  1  2  3  4 |
---------------+-------------+-----
Polearms       | 4 5 6 |  6.2
Armour         | 1 |  1.1
Dodging        | 3 |  3.5
Fighting       | |  3.2
Invocations    | |  2.0

Action                   |  1- 3 |  4- 6 || total
-------------------------+-------+-------++-------
Melee: Spear             |   131 |    79 ||   210
Invok: Depart the Abyss  |     1 |       ||     1
  Use: Scroll            |     1 |       ||     1
 Stab: Sleeping          |     2 |       ||     2
Armor: Leather armour    |    30 |    17 ||    47
Dodge: Dodged            |    69 |    46 ||   115

Table legend: (Time is in decaauts)
 A = Elapsed time spent in this place.
 B = Non-inter-level travel time spent in this place.
 C = Inter-level travel time spent in this place.
 D = Time resting spent in this place.
 E = Time spent auto-exploring this place.
 F = Levels seen in this place.
 G = Mean time per level.
                   A        B        C        D        E       F      G
               +--------+--------+--------+--------+--------+-----+--------+
         Total |   3251 |   3165 |     86 |    567 |   2219 |   4 |  812.8 |
       Dungeon |   3186 |   3100 |     86 |    567 |   2159 |   3 | 1062.0 |
         Abyss |     65 |     65 |      0 |      0 |     60 |   1 |   65.0 |
               +--------+--------+--------+--------+--------+-----+--------+

Top non-repeatable levels by time:
     D:2: 1614 daAuts
     D:1: 1480 daAuts
     D:3: 91 daAuts
 Abyss:1: 65 daAuts
